 Dungeon Crawl Stone Soup version 0.28.0-43-g3370ac3207 (webtiles) character file.

Game seed: 478031809415505438

279 Peloso the Slasher (level 6, -8/53 HPs)
             Began as a Minotaur Fighter on Mar 21, 2022.
             Mangled by an orc warrior
             ... wielding a +0 dire flail
              (10 damage)
             ... on level 4 of the Dungeon.
             The game lasted 00:03:45 (3116 turns).

Peloso the Slasher (Minotaur Fighter)               Turns: 3116, Time: 00:03:46

Health: -8/53      AC:  8    Str: 21    XL:     6   Next: 5%
Magic:  5/5        EV: 10    Int:  5    God:
Gold:   230        SH:  5    Dex: 11    Spells: 5/5 levels left

rFire   . . .      SeeInvis .   a - +0 long sword
rCold   . . .      Faith    .   c - +0 buckler
rNeg    + . .      Spirit   .   b - +0 scale mail
rPois   .          Reflect  .   (helmet restricted)
rElec   .          Harm     .   m - +0 cloak
rCorr   .          Rampage  .   (no gloves)
Will    .....                   (no boots)
Stlth   ..........              (no amulet)
HPRegen 0.17/turn               l - ring of positive energy
MPRegen 0.09/turn               (no ring)

@: mighty, hasted, very quick
A: horns 2, retaliatory headbutt
a: no special abilities


You were on level 4 of the Dungeon.
You visited 1 branch of the dungeon, and saw 4 of its levels.

You collected 230 gold pieces.

Inventory:

Hand Weapons
 a - a +0 long sword (weapon)
Armour
 b - a +0 scale mail (worn)
 c - a +0 buckler (worn)
 m - a +0 cloak (worn)
Jewellery
 l - a ring of positive energy (left hand)
Scrolls
 f - a scroll of enchant weapon {unknown}
 k - a scroll of amnesia {unknown}
 o - a scroll of identify
 p - a scroll of fear {unknown}
Potions
 g - a potion of heal wounds {unknown}
 h - a potion of magic
 i - a potion of ambrosia
 j - 2 potions of berserk rage {unknown}
 n - a potion of curing {unknown}


   Skills:
 + Level 4.4 Fighting
 + Level 5.1 Long Blades
 + Level 4.7 Armour
 + Level 1.8 Dodging
 + Level 0.3 Stealth
 + Level 4.7 Shields


You had 5 spell levels left.
You didn't know any spells.
Your spell library contained the following spells:

 Spells                   Type           Power      Damage    Failure   Level
 Frozen Ramparts          Ice            0%         1d2       99%         3
 Ice Form                 Ice/Tmut       0%         N/A       100%        4
 Summon Ice Beast         Ice/Summ       0%         N/A       100%        4


Dungeon Overview and Level Annotations

Branches:
Dungeon (4/15)
 Temple: D:4-7

Altars:
Kikubaaqudgha


Innate Abilities, Weirdness & Mutations

You have a pair of horns on your head.
You reflexively headbutt those who attack you in melee.


Message History

You kill the hobgoblin!
You see here a hobgoblin corpse.
You now have 230 gold pieces (gained 8).
There is a stone staircase leading down here.
As you open the door, it creaks loudly!
There is an open door here.
A ball python comes into view.
The ball python hisses angrily.
A ball python is nearby!
A ball python is nearby!
A ball python is nearby!
You closely miss the ball python. You block the ball python's attack.
The ball python barely misses you.
The ball python bites you but does no damage.
You block the ball python's attack.
You hit the ball python.
You kill the ball python!
You see here a ball python corpse.
You open the door.
There is an open door here.
An orc warrior comes into view. It is wielding a +0 dire flail.
The orc warrior shouts!
You hear a shout!
An orc warrior is nearby!
An orc warrior is nearby!
You barely miss the orc warrior.
The orc warrior hits you with a +0 dire flail.
You hit the orc warrior but do no damage.
Your headbutt misses the orc warrior.
The orc warrior hits you with a +0 dire flail!
An orc wizard comes into view. It is wielding a +0 dagger.
The orc warrior hits you with a +0 dire flail!
You feel very mighty all of a sudden.
The orc warrior hits you with a +0 dire flail.
You barely miss the orc warrior. You headbutt the orc warrior!
The orc warrior is moderately wounded.
The orc warrior hits you with a +0 dire flail!!
* * * LOW HITPOINT WARNING * * *
You feel yourself speed up.
The orc warrior hits you with a +0 dire flail!
You die...

### ..# ### ..# ..#
..# #.# ..# #.# ..#
#o# ..# #o#
..##############@##
..##..............#
####.##############
#.# #.# #.# #.# #.#
#.#


You could see an orc warrior and an orc wizard.

Vanquished Creatures
  A black bear (D:4)
  Jessica (D:2)
  An iguana (D:4)
  A gnoll (D:1)
  3 adders
  An ufetubus (D:4)
  A worm (D:3)
  5 dart slugs
  9 endoplasms
  5 giant cockroaches
  9 goblins
  7 hobgoblins
  4 jackals (D:4)
  5 quokkas
  6 ball pythons
  6 bats
  4 frilled lizards
  6 kobolds
  3 rats
78 creatures vanquished.

Vanquished Creatures (others)
  A withered plant (D:4)
1 creature vanquished.

Grand Total: 79 creatures vanquished

Notes
Turn   | Place    | Note
-------+----------+-------------------------------------------
     0 | D:1      | Peloso the Minotaur Fighter began the quest for the Orb.
     0 | D:1      | Reached XP level 1. HP: 19/19 MP: 0/0
   390 | D:1      | Reached XP level 2. HP: 27/27 MP: 1/1
   755 | D:1      | Reached XP level 3. HP: 31/33 MP: 2/2
   778 | D:1      | Found a faded altar of an unknown god.
  1238 | D:2      | Noticed Jessica
  1255 | D:2      | Killed Jessica
  1256 | D:2      | Reached skill level 3 in Long Blades
  1256 | D:2      | Reached XP level 4. HP: 40/40 MP: 3/3
  2219 | D:3      | Reached skill level 1 in Dodging
  2322 | D:3      | Reached skill level 4 in Long Blades
  2556 | D:4      | Reached XP level 5. HP: 38/46 MP: 4/4
  2700 | D:4      | Noticed a black bear
  2711 | D:4      | Killed a black bear
  2755 | D:4      | Found an ancient bone altar of Kikubaaqudgha.
  2775 | D:4      | Reached skill level 5 in Long Blades
  2775 | D:4      | Reached XP level 6. HP: 43/53 MP: 5/5
  3110 | D:4      | Noticed an orc warrior
  3115 | D:4      | HP: 2/53 [orc warrior/+0 dire flail (23)]
  3116 | D:4      | Mangled by an orc warrior

Illustrated notes

Levels and vault maps discovered:
D:1:      dpeg_arrival_arbitrary_b, layout_basic,
          hellmonk_ecumenical_altar_leap_of_faith, minmay_misc_feat_columns,
          st_stairs_5
D:2:      layout_loops_ring, serial_glass, glass_columns_c, glass_columns_a,
          minmay_randomly_rotated_circles, uniq_jessica
D:3:      layout_basic, moated_statue
D:4:      layout_basic, kiku_gazebo_garden_becter

Skill      XL: |  1  2  3  4  5 |
---------------+----------------+-----
Fighting       | 4 |  4.4
Armour         | 4 |  4.7
Shields        | 4 |  4.7
Long Blades    | 3 4 5 |  5.1
Dodging        | 1 |  1.8
Stealth        | |  0.3

Action                   |  1- 3 |  4- 6 || total
-------------------------+-------+-------++-------
Melee: Long sword        |    57 |   112 ||   169
       Headbutt          |    10 |    20 ||    30
  Use: Potion            |     1 |     2 ||     3
       Scroll            |       |     4 ||     4
Armor: Scale mail        |    38 |    75 ||   113
Dodge: Dodged            |    18 |    74 ||    92
Block: Buckler           |    18 |    52 ||    70
